 Dungeon Crawl Stone Soup version 0.29.1-12-g30fa7ad0bf (webtiles) character file.

Game seed: 3177210895404458018

1706 GigaChad the Cleaver (level 8, -2/66 (70) HPs)
             Began as a Minotaur Fighter on Dec 12, 2022.
             Was an Initiate of Trog.
             Slain by a wight
             ... wielding a +0 war axe
              (8 damage)
             ... on level 7 of the Dungeon.
             The game lasted 00:08:20 (6693 turns).

GigaChad the Cleaver (Minotaur Fighter)             Turns: 6693, Time: 00:08:20

HP:   -2/66 (70)    AC:  8    Str: 23    XL:     8   Next: 73%
MP:   7/7           EV: 10    Int: 11    God:    Trog [......]
Gold: 285           SH:  5    Dex: 10    Spells: 7/7 levels left

rFire   . . .      SeeInvis .   a - +0 war axe
rCold   . . .      Faith    .   c - +0 buckler
rNeg    . . .      Spirit   .   b - +0 scale mail
rPois   +          Reflect  .   (helmet restricted)
rElec   .          Harm     .   (no cloak)
rCorr   .          Rampage  .   (no gloves)
Will    .....                   (no boots)
Stlth   ..........              z - amulet of the acrobat
HPRegen 0.21/turn               n - +6 ring of intelligence
MPRegen 0.10/turn               r - ring of poison resistance

@: lethally poisoned (-2 -> -6), drained
A: horns 2, retaliatory headbutt
a: Renounce Religion


You were on level 7 of the Dungeon.
You worshipped Trog.
Trog was noncommittal.
You visited 2 branches of the dungeon, and saw 8 of its levels.

You collected 285 gold pieces.

Inventory:

Hand Weapons
 a - a +0 war axe (weapon)
 o - a +0 dire flail
Missiles
 j - 10 javelins (quivered)
Armour
 b - a +0 scale mail (worn)
 c - a +0 buckler (worn)
Jewellery
 n - a +6 ring of intelligence (left hand)
 r - a ring of poison resistance (right hand)
 z - an amulet of the acrobat (around neck)
Wands
 p - a wand of iceblast (3)
 t - a wand of polymorph (10)
 v - a wand of flame (28)
Scrolls
 e - a scroll of magic mapping {unknown}
 g - 5 scrolls of teleportation {unknown}
 h - 2 scrolls of poison {unknown}
 k - 5 scrolls of identify {unknown}
 m - 3 scrolls of noise {unknown}
 q - a scroll of fear {unknown}
 s - a scroll of enchant weapon {unknown}
 x - a scroll of torment {unknown}
 y - a scroll of blinking
 B - a scroll of immolation {unknown}
Potions
 d - a potion of might
 f - 5 potions of curing {unknown}
 i - a potion of brilliance {unknown}
 l - a potion of mutation {unknown}
 u - a potion of degeneration {unknown}
 w - a potion of resistance {unknown}
 A - a potion of berserk rage {unknown}


   Skills:
 + Level 6.1 Fighting
 + Level 8.8 Axes
 + Level 1.1 Throwing
 + Level 8.0 Armour
 + Level 2.6 Dodging
 + Level 1.4 Stealth
 + Level 5.2 Shields


You had 7 spell levels left.
You didn't know any spells.
Your spell library contained the following spells:

 Spells                   Type           Power      Damage    Failure   Level
 Sandblast                Erth           0%         2d4       71%         1
 Summon Small Mammal      Summ           0%         N/A       71%         1
 Passwall                 Tmut/Erth      0%         N/A       83%         2
 Call Canine Familiar     Summ           0%         N/A       97%         3
 Confusing Touch          Hex            0%         N/A       97%         3
 Stone Arrow              Conj/Erth      0%         3d7       97%         3
 Summon Guardian Golem    Hex/Summ       0%         N/A       97%         3
 Yara's Violent Unravell  Hex/Tmut       0%         3d3       100%        5
 Enfeeble                 Hex            0%         N/A       100%        7


Dungeon Overview and Level Annotations

Branches:
Dungeon (7/15)             Temple (1/1) D:6

Altars:
Ashenzari
Cheibriados
Dithmenos
Elyvilon
Fedhas
Gozag
Hepliaklqana
Kikubaaqudgha
Nemelex Xobeh
Okawaru
Qazlal
Ru
Sif Muna
Trog
Uskayaw
Vehumet
Wu Jian
Yredelemnul
Zin
The Shining One

Shops:
D:6 [

Annotations:
D:4 2 runed translucent doors, conradc's ghost, novice DsMo
D:5 2 transporters, Tang's ghost, amateur PaBe


Innate Abilities, Weirdness & Mutations

You have a pair of horns on your head.
You reflexively headbutt those who attack you in melee.


Message History

The wight closely misses you. You furiously retaliate!
You headbutt the wight. You barely miss the wight.
The wight is severely damaged.
You barely miss the wight. The wight hits you with a +0 mace!
You feel drained. The wight hits you with a +0 scimitar.
The wight barely misses you.
You hit the wight.
The wight is severely damaged.
You closely miss the wight. The wight hits you but does no damage.
The wight hits you with a +0 great sword of venom!
You feel drained.
You are poisoned.
You slash the wight!
You destroy the wight!
Trog accepts your kill.
You hit the wight but do no damage. You closely miss the wight.
You feel very sick.
Your Armour skill increases to level 8!
The wight attacks as you move away! The wight misses you.
You furiously retaliate!
You headbutt the wight!
You feel very sick.
Things that are here:
a +0 mace; a +0 robe You feel sick.
You hit the wight. Your headbutt misses the wight.
The wight is severely damaged.
You barely miss the wight.
You feel sick. The wight barely misses you. You block the wight's attack.
You closely miss the wight.
The wight is severely damaged.
You barely miss the wight. You hit the wight but do no damage.
You feel sick. You block the wight's attack.
The wight hits you with a +0 great sword of venom!
* * * LOW HITPOINT WARNING * * *
The wight barely misses you. You furiously retaliate!
You headbutt the wight, but do no damage.
You closely miss the wight.
The wight is severely damaged.
You hit the wight but do no damage. You closely miss the wight.
You feel sick. The wight hits you with a +0 war axe!
You die...

.......#.....#
.......#.....#
.......#.....#
..)....#.....#
.......#.....#####+##...
.......#./..............
.......)....#...........
......zz....#...........
......z@................
........................
.......##...............
....... #...............
.......##...#...........
........................
........................
.......................#
....................#


You could see 3 wights.

Vanquished Creatures
  Grinder (D:5)
  Prince Ribbit (D:6)
  An ice beast (D:6)
  2 ogres (D:5)
  3 phantoms
  A scorpion (D:5)
  A necrophage (D:5)
  3 bullfrogs
  2 wights (D:7)
  A jelly (D:5)
  An orc priest (D:3)
  2 hounds (D:6)
  An iguana (D:5)
  Terence (D:2)
  An orc wizard (D:3)
  13 adders
  A shadow imp (D:7)
  A white imp (D:7)
  An ufetubus (D:5)
  2 worms (D:2)
  A dart slug (D:2)
  7 orcs
  4 ball pythons
  5 bats
  11 endoplasms
  2 giant cockroaches
  7 goblins
  6 hobgoblins
  7 quokkas
  3 frilled lizards
  5 kobolds
  6 rats
104 creatures vanquished.

Vanquished Creatures (others)
  11 fungi (D:3)
  A plant (D:6)
12 creatures vanquished.

Grand Total: 116 creatures vanquished

Notes
Turn   | Place    | Note
-------+----------+-------------------------------------------
     0 | D:1      | GigaChad the Minotaur Fighter began the quest for the Orb.
     0 | D:1      | Reached XP level 1. HP: 19/19 MP: 0/0
   253 | D:1      | Reached XP level 2. HP: 26/27 MP: 1/1
   840 | D:2      | Noticed Terence
   846 | D:2      | Killed Terence
   847 | D:2      | Reached XP level 3. HP: 28/34 MP: 2/2
  1096 | D:2      | Reached XP level 4. HP: 38/41 MP: 3/3
  1273 | D:2      | Identified the +5 short sword "Jeagiw" {vamp, *Rage rC++
                  | Dex+9}
  1467 | D:2      | Found a faded altar of an unknown god.
  2112 | D:3      | Reached XP level 5. HP: 30/47 MP: 4/4
  2114 | D:3      | Found a blossoming altar of Fedhas.
  2137 | D:3      | Found a hide-covered altar of Uskayaw.
  2712 | D:3      | Reached skill level 1 in Dodging
  3579 | D:4      | Noticed a phantom
  3597 | D:4      | Killed a phantom
  3598 | D:4      | Reached skill level 5 in Armour
  3598 | D:4      | Reached XP level 6. HP: 50/55 MP: 5/5
  3707 | D:4      | Found a runed translucent door.
  3709 | D:4      | Noticed conradc's ghost (novice DsMo)
  3863 | D:4      | Found a runed translucent door.
  4363 | D:5      | Entered Level 5 of the Dungeon
  4381 | D:5      | Reached skill level 5 in Axes
  4510 | D:5      | Noticed Grinder
  4521 | D:5      | Killed Grinder
  4522 | D:5      | Reached skill level 5 in Fighting
  4522 | D:5      | Reached XP level 7. HP: 20/61 MP: 6/6
  4897 | D:5      | Found a transporter.
  4900 | D:5      | Noticed Tang's ghost (amateur PaBe)
  4900 | D:5      | Identified the +9 great mace of Eleur {venom, Will- Str+5}
  4901 | D:5      | Found a transporter.
  5602 | D:6      | Found Tomiuk's Antique Armour Shoppe.
  5665 | D:6      | Reached skill level 1 in Stealth
  5665 | D:6      | Reached XP level 8. HP: 69/69 MP: 7/7
  5669 | D:6      | Found a staircase to the Ecumenical Temple.
  5716 | Temple   | Entered the Ecumenical Temple
  5728 | Temple   | Became a worshipper of Trog the Wrathful
  5999 | D:6      | Noticed Prince Ribbit
  6009 | D:6      | Killed Prince Ribbit
  6010 | D:6      | Reached skill level 5 in Shields
  6309 | D:6      | Found an iron altar of Okawaru.
  6427 | D:7      | Reached skill level 1 in Throwing
  6693 | D:7      | Slain by a wight

Illustrated notes

Levels and vault maps discovered:
D:1:      scummos_arrival_forest, layout_loops_ring
D:2:      minmay_thinvault, layout_loops_ring, nicolae_ecumenical_lake_church,
          ebering_dispersal_statue_hall, uniq_terence
D:3:      layout_basic, mainiacjoe_overflow_catch_the_wave
D:4:      layout_loops_corners, ebering_ghost_sewer_f
D:5:      layout_loops_ring, gammafunk_ghost_smash, uniq_grinder
D:6:      layout_basic, okawaru_altar_gauntlet_db,
          minmay_temple_entry_gardened_gates, serial_shops, shop,
          uniq_prince_ribbit1
D:7:      layout_basic, kennysheep_windowed_goal
Temple:   sentei_temple_godly_chess

Skill      XL: |  1  2  3  4  5  6  7  8 |
---------------+-------------------------+-----
Fighting       | 4 5 6 |  6.1
Armour         | 4 5 6 8 |  8.0
Shields        | 4 5 |  5.2
Axes           | 3 4 6 7 8 |  8.8
Dodging        | 1 2 |  2.6
Stealth        | 1 |  1.4
Throwing       | 1 |  1.1

Action                   |  1- 3 |  4- 6 |  7- 9 || total
-------------------------+-------+-------+-------++-------
Melee: War axe           |    44 |   110 |    90 ||   244
       Headbutt          |     9 |    13 |    12 ||    34
Throw: Javelin           |     5 |     2 |     3 ||    10
  Use: Scroll            |       |     2 |       ||     2
Armor: Scale mail        |    24 |    60 |    26 ||   110
Dodge: Dodged            |    15 |    61 |    49 ||   125
Block: Buckler           |    13 |    18 |    25 ||    56
